Map: Sonho Sempiterno LE

Players

MATADORSCII

  • Race: Terran Terran
  • League: Diamond
  • Spawn Location: 1:00

I.A. 2 (Muito fácil) - Winner!

  • Race: Terran Terran
  • Spawn Location: 7:00

VOD

Have the link to the VOD?

Description

Time

  • Played on: May 17, 2020, 8:43 p.m.
  • Length: 11:18
Show
View Real Time Build Order
Export as new Build Order

MATADORSCII Terran 

Build Orders: Reaper Expand, Hellion Banshee, Mech 

Get SALT Encoding   

  12  0:02  SCV  
  14  0:14  SCV  
  14  0:17  Supply Depot  
  14  0:26  SCV  
  15  0:39  SCV  
  15  0:40  Barracks  
  16  0:45  Refinery  
  16  0:53  SCV  
  17  1:05  SCV  
  18  1:17  SCV  
  19  1:28  Reaper  
  19  1:30  Orbital Command  
  20  1:44  Command Center  
  20  1:56  SCV  
  20  1:57  Supply Depot  
  21  2:05  Marine  
  21  2:08  SCV  
  23  2:20  SCV  
  24  2:25  Factory  
  24  2:30  Barracks Reactor  
  24  2:32  SCV  
  24  2:33  Refinery  
  25  2:44  SCV  
  26  2:56  SCV  
  27  3:00  Orbital Command  
  27  3:13  SCV, Starport  
  27  3:16  Hellion  
  27  3:17  Hellion  
  27  3:18  Barracks Tech Lab  
  32  3:25  SCV  
  33  3:27  SCV  
  34  3:37  SCV  
  34  3:38  Hellion x2  
  34  3:39  SCV  
  40  3:44  Supply Depot  
  40  3:49  SCV  
  40  3:51  SCV  
  42  3:57  Cloaking Field, Banshee  
  42  4:01  SCV  
  46  4:06  Hellion x2, SCV  
  46  4:07  Supply Depot  
  51  4:11  Supply Depot  
  51  4:24  SCV x2  
  53  4:31  Command Center  
  53  4:36  SCV  
  54  4:40  Banshee, SCV  
  58  4:48  SCV  
  58  4:50  Factory  
  58  4:51  Factory  
  59  4:54  SCV  
  59  4:55  Barracks Tech Lab  
  59  4:57  Hellion  
  59  4:58  Hellion  
  64  5:00  SCV  
  64  5:06  Refinery, SCV  
  66  5:08  Refinery  
  66  5:12  SCV  
  67  5:18  SCV  
  68  5:24  SCV  
  68  5:25  Engineering Bay  
  68  5:27  Supply Depot  
  69  5:30  SCV  
  70  5:48  Supply Depot  
  70  5:49  Starport Reactor  
  70  5:51  Siege Tank x2  
  70  5:52  Hellion  
  70  5:53  Hellion  
  80  6:00  SCV x2  
  83  6:11  Orbital Command  
  83  6:12  SCV x2  
  83  6:15  Refinery  
  83  6:18  Refinery  
  84  6:24  Command Center, SCV x2, Siege Tank  
  84  6:25  Hellion, Siege Tank  
  94  6:26  Hellion  
  94  6:29  Viking  
  98  6:36  Supply Depot  
  98  6:37  SCV x3  
  103  6:47  Hellion  
  103  6:49  SCV x3  
  106  7:01  SCV x3  
  109  7:10  Hellion, Supply Depot, Siege Tank x2  
  109  7:12  Supply Depot  
  109  7:14  Sensor Tower  
  117  7:31  SCV x3  
  117  7:32  Hellion  
  122  7:42  Factory x2, Missile Turret x2  
  122  7:44  Missile Turret  
  122  7:46  Missile Turret  
  122  7:47  Missile Turret  
  122  7:48  Siege Tank x2  
  122  7:50  Missile Turret  
  128  8:02  Armory x2  
  128  8:03  Armory  
  128  8:13  Hellion x2  
  132  8:20  Siege Tank x2  
  132  8:21  Orbital Command  
  138  8:27  Factory Tech Lab x2  
  138  8:30  Starport  
  138  8:42  Infernal Pre-Igniter  
  138  8:46  Mag-Field Accelerator  
  138  8:50  Supply Depot  
  138  8:53  Terran Vehicle And Ship Armor Level 1, Terran Vehicle Weapons Level 1  
  138  8:54  Terran Ship Weapons Level 1  
  138  8:58  SCV x4  
  142  9:06  Viking x2  
  142  9:08  Starport Reactor  
  146  9:10  SCV x2  
  146  9:15  Refinery  
  146  9:16  Refinery  
  146  9:17  Supply Depot  
  148  9:26  Thor  
  154  9:33  Hellion  
  154  9:38  Hellion, Thor  
  164  9:39  Supply Depot x3  
  164  9:47  Supply Depot  
  164  9:51  Thor  
  170  9:55  Hellion  
  172  10:00  Thor  
  178  10:30  Siege Tank x2  
  178  10:32  Hellion x2  
  178  10:34  Siege Tank  
  191  10:43  Command Center, Siege Tank  
  194  10:53  Hellion  
Show
View Real Time Build Order
Export as new Build Order

I.A. 2 (Muito fácil) Terran - Winner!

Build Orders:  

Get SALT Encoding   

  12  0:00  SCV  
  13  0:13  SCV  
  14  0:18  Supply Depot  
  14  0:37  Refinery  
  14  0:42  Barracks  
  14  1:05  Supply Depot  
  14  1:12  Refinery  
  14  1:29  Barracks Tech Lab  
  14  1:30  Orbital Command  
  14  1:47  Marine  
  15  1:56  SCV  
  16  2:08  SCV  
  17  2:20  SCV  
  18  2:31  Marine  
  18  2:32  SCV  
  20  2:44  SCV  
  21  2:56  SCV  
  22  3:16  Marauder  
  24  6:36  Marine, SCV  
  24  6:38  Supply Depot  
  26  6:41  Factory  
  26  6:42  Command Center  
  26  6:48  SCV  
  27  7:00  SCV, Supply Depot  
  28  7:10  Marine  
  28  7:12  SCV  
  26  7:30  Starport  
  26  7:44  Marine  
  27  7:55  SCV  
  28  8:02  SCV  
  28  8:03  Refinery  
  29  8:07  Starport Tech Lab, Refinery  
  29  8:09  SCV  
  30  8:16  SCV  
  30  8:17  Marine  
  32  8:23  SCV  
  32  8:26  Raven  
  35  8:31  SCV  
  36  8:38  SCV  
  37  8:45  SCV  
  38  8:51  Marauder  
  38  8:53  SCV  
  41  9:00  SCV  
  42  9:07  SCV  
  42  9:09  Raven  
  45  9:14  SCV  
  46  9:21  SCV  
  47  9:24  Marine  
  47  9:28  SCV  
  49  9:36  SCV  
  50  9:43  SCV  
  50  9:50  SCV  
  51  10:11  Marine, SCV  
  51  10:13  Supply Depot  
  45  10:22  Raven  
  45  10:33  SCV  
  43  10:41  Hellion  
  40  10:48  SCV  
  36  10:50  Supply Depot  
  25  11:00  SCV  
Tags
 
Add a new tag
Caveats
  • Supply blocks, unpowered buildings, or Contaminate may cause inaccurate times.
  • Supply counts are checked every 10 seconds.